Map: Acid Plant LE

Players

Lighting

  • Race: Protoss Protoss
  • Spawn Location: 11:00

Kozan - Winner!

  • Race: Terran Terran
  • Spawn Location: 5:00

Event: WCS Montreal 2018

VOD

Have the link to the VOD?

Description

Time

  • Played on: Sept. 7, 2018, 1:23 p.m.
  • Length: 16:20

All games in this series

Show
View Real Time Build Order
Export as new Build Order

Lighting Protoss 

Build Orders: 1 Gate Expand 

Get SALT Encoding   

  12  0:01  Probe  
  13  0:13  Probe  
  14  0:18  Pylon  
  14  0:25  Probe  
  15  0:34  Probe  
  15  0:37  Gateway  
  15  0:42  Probe  
  16  0:43  Assimilator  
  17  0:52  Probe  
  18  1:00  Probe  
  19  1:08  Probe  
  20  1:25  Nexus  
  20  1:36  Cybernetics Core  
  20  1:37  Probe  
  21  1:44  Pylon  
  21  1:48  Assimilator  
  21  1:51  Probe  
  22  1:59  Probe  
  22  2:07  Probe  
  23  2:12  Stalker  
  23  2:14  Warp Gate  
  26  2:18  Probe  
  26  2:30  Probe  
  26  2:33  Robotics Facility  
  27  2:43  Probe  
  27  2:44  Stalker  
  28  2:45  Probe  
  28  2:51  Probe  
  30  2:57  Probe  
  32  2:59  Probe  
  33  3:06  Gateway  
  33  3:11  Gateway  
  33  3:13  Probe  
  34  3:23  Stalker  
  34  3:24  Probe  
  37  3:37  Warp Prism  
  37  3:42  Probe  
  37  3:45  Probe  
  41  3:50  Probe  
  42  3:57  Probe  
  42  3:58  Probe  
  44  4:06  Pylon, Twilight Council  
  44  4:09  Probe  
  45  4:10  Pylon  
  45  4:16  Pylon  
  45  4:23  Pylon  
  45  4:25  Probe  
  45  4:26  Stalker x3  
  45  4:28  Observer  
  53  4:31  Probe  
  53  4:33  Probe  
  53  4:35  Blink, Assimilator  
  55  4:39  Assimilator  
  55  4:49  Stalker  
  55  4:50  Stalker  
  55  4:51  Observer  
  59  4:54  Stalker  
  59  4:55  Probe  
  63  5:00  Probe  
  63  5:22  Stalker x3  
  63  5:24  Probe  
  63  5:27  Probe  
  71  5:36  Probe  
  71  5:39  Probe  
  73  5:49  Robotics Bay, Zealot x2  
  77  5:51  Probe  
  78  5:59  Pylon  
  78  6:01  Pylon  
  78  6:03  Pylon  
  78  6:17  Probe  
  79  6:23  Stalker x3  
  87  6:31  Disruptor  
  87  6:32  Probe  
  87  6:49  Nexus  
  87  6:50  Stalker x2  
  87  6:51  Stalker  
  93  7:03  Probe x2  
  93  7:05  Disruptor  
  98  7:10  Gateway  
  98  7:15  Probe  
  99  7:16  Assimilator  
  99  7:20  Gateway  
  99  7:21  Assimilator  
  99  7:23  Pylon  
  99  7:28  Robotics Facility  
  99  7:29  Stalker  
  101  7:31  Probe  
  101  7:32  Pylon  
  101  7:36  Pylon  
  102  7:37  Pylon  
  102  7:40  Pylon  
  102  7:42  Pylon  
  100  7:45  Disruptor  
  100  7:49  Stalker  
  100  7:50  Stalker  
  103  7:54  Stalker  
  101  8:13  Stalker x2  
  101  8:15  Probe  
  101  8:16  Disruptor  
  101  8:17  Stalker  
  97  8:54  Stalker  
  97  8:55  Stalker x4  
  110  9:03  Nexus, Disruptor  
  110  9:04  Probe  
  110  9:05  Pylon  
  110  9:07  Pylon  
  106  9:28  Stalker x3  
  106  9:29  Stalker x2  
  114  9:37  Probe x2  
  116  9:39  Disruptor  
  119  9:52  Stalker x3  
  125  10:00  Pylon  
  125  10:02  Pylon  
  125  10:05  Nexus  
  125  10:06  Forge  
  124  10:07  Forge  
  124  10:09  Zealot  
  126  10:21  Disruptor  
  129  10:22  Stalker x4  
  129  10:27  Probe x2  
  132  10:39  Probe  
  133  11:05  Warp Prism  
  133  11:20  Nexus  
  133  11:21  Stalker x5  
  133  11:24  Probe x2  
  145  11:31  Probe  
  146  11:41  Pylon  
  146  11:42  Twilight Council  
  146  11:47  Assimilator  
  146  11:49  Pylon x2  
  146  11:51  Pylon  
  146  11:56  Pylon  
  146  11:58  Warp Prism  
  146  11:59  Probe  
  146  12:00  Probe  
  140  12:14  Zealot  
  140  12:15  Stalker x3, Zealot  
  136  12:18  Probe x2  
  132  12:35  Stalker x2  
  113  12:45  Stalker  
  115  12:53  Disruptor  
  115  12:55  Probe  
  117  13:03  Stalker  
  104  13:10  Stalker  
  104  13:24  Stalker  
  98  13:33  Stalker  
  97  13:40  Stalker  
  77  13:52  Probe x2  
  79  13:55  Templar Archives  
  80  14:05  Zealot  
  79  14:26  Zealot x3  
  69  14:51  Stalker  
  69  14:52  Stalker  
  68  15:07  Probe  
  69  15:28  High Templar x2  
  73  15:30  High Templar  
  73  15:33  Probe  
  76  15:48  High Templar x2  
  68  16:05  Archon  
Show
View Real Time Build Order
Export as new Build Order

Kozan Terran - Winner!

Build Orders: Reaper Expand, MMM Bio 

Get SALT Encoding   

  12  0:01  SCV  
  13  0:13  SCV  
  14  0:17  Supply Depot  
  14  0:25  SCV  
  15  0:38  SCV  
  15  0:41  Barracks  
  16  0:45  Refinery  
  16  0:50  SCV  
  17  1:03  SCV  
  18  1:15  SCV  
  19  1:29  Reaper, Orbital Command  
  20  1:40  Command Center  
  20  1:49  Supply Depot  
  20  1:55  SCV  
  20  2:01  Marine  
  21  2:05  Factory  
  22  2:08  SCV  
  22  2:15  Refinery  
  23  2:20  SCV  
  24  2:23  Barracks Reactor  
  24  2:33  SCV  
  25  2:45  SCV  
  26  2:53  Starport  
  26  2:55  Orbital Command  
  26  2:56  Factory Tech Lab  
  26  2:57  SCV  
  27  3:01  Marine x2  
  29  3:09  SCV  
  30  3:14  Bunker  
  30  3:19  Marine x2  
  32  3:22  SCV  
  32  3:23  SCV  
  32  3:34  SCV  
  32  3:36  Widow Mine  
  32  3:37  Barracks  
  32  3:40  SCV  
  35  3:42  Marine  
  35  3:43  Marine  
  35  3:45  Raven  
  35  3:47  SCV, Barracks  
  39  3:52  SCV  
  40  3:59  SCV  
  40  4:00  Factory Tech Lab  
  41  4:04  SCV  
  41  4:05  Supply Depot  
  41  4:06  Marine x2  
  44  4:11  SCV  
  44  4:16  SCV  
  46  4:23  Refinery  
  46  4:24  Engineering Bay  
  46  4:26  SCV  
  46  4:27  Factory Reactor  
  46  4:28  SCV  
  46  4:32  Marine x2  
  46  4:33  Marine  
  46  4:34  Stimpack  
  46  4:35  Starport Reactor  
  46  4:38  SCV  
  50  4:40  SCV  
  50  4:41  Combat Shields  
  50  4:42  Marine, Supply Depot  
  52  4:50  SCV, Supply Depot  
  52  4:51  Marine  
  54  4:59  Terran Infantry Weapons Level 1  
  54  5:03  SCV x2, Marine  
  54  5:04  Marauder  
  54  5:05  Supply Depot  
  59  5:13  Marine  
  62  5:14  Marauder  
  62  5:16  SCV  
  62  5:19  Widow Mine  
  64  5:21  Marine  
  64  5:22  Medivac  
  64  5:25  Marauder, SCV  
  64  5:28  SCV  
  70  5:31  Medivac  
  69  5:38  Marauder, Marine  
  69  5:40  SCV  
  72  5:47  Marine  
  73  5:50  SCV  
  73  5:57  Marine  
  73  5:58  Widow Mine x2  
  73  6:00  SCV  
  73  6:03  SCV  
  78  6:11  Marine x2  
  78  6:13  SCV  
  78  6:20  Supply Depot  
  78  6:21  SCV, Concussive Shells, Supply Depot  
  78  6:22  Marauder  
  80  6:25  Marine  
  80  6:29  Marauder, Marine  
  80  6:32  Widow Mine x2  
  86  6:42  Medivac x2  
  88  6:48  Marine x2  
  88  6:49  Marauder  
  88  6:50  Marine  
  88  6:53  SCV x2  
  95  6:56  Supply Depot  
  95  7:02  Terran Infantry Armor Level 1, Supply Depot  
  95  7:05  SCV x2  
  95  7:06  Marine x2  
  99  7:08  Marauder  
  99  7:10  Marine  
  102  7:19  Supply Depot x2  
  102  7:21  Widow Mine x2  
  106  7:24  Marine  
  106  7:28  Marine  
  108  7:32  Marine  
  108  7:33  Marauder  
  111  7:42  Marine  
  110  7:51  Marine x2  
  110  7:54  Marauder  
  110  7:55  Refinery  
  110  7:56  Supply Depot  
  110  7:57  Supply Depot  
  110  7:58  Command Center  
  107  8:07  Marine  
  107  8:09  Marine  
  107  8:10  Marauder  
  110  8:15  Marauder  
  112  8:25  Marine  
  111  8:28  Barracks  
  111  8:29  Barracks  
  111  8:30  Marine  
  111  8:32  Marine  
  112  8:37  Marauder  
  99  8:42  Marine  
  99  8:44  SCV  
  99  8:48  Marine  
  102  8:50  Marauder  
  102  8:52  Widow Mine  
  106  8:57  Liberator, Marine  
  106  8:59  Liberator  
  106  9:00  Marine  
  108  9:05  Marine  
  109  9:12  Marauder  
  109  9:14  Widow Mine x2  
  109  9:15  Marine  
  122  9:18  Marine  
  122  9:23  Marine  
  118  9:24  Marine  
  118  9:31  Marine  
  117  9:33  Marauder  
  117  9:34  Marauder  
  121  9:38  Marine  
  121  9:39  Widow Mine  
  121  9:40  Widow Mine  
  121  9:41  Marine, Orbital Command  
  121  9:44  SCV  
  117  9:54  Marauder  
  117  9:55  Marauder, Barracks Reactor, Barracks Tech Lab  
  117  9:58  SCV  
  117  9:59  SCV  
  123  10:05  Medivac x2  
  127  10:10  SCV  
  127  10:11  SCV  
  129  10:16  Marauder  
  129  10:19  Widow Mine x2  
  129  10:20  Marine x2  
  129  10:21  Marauder  
  133  10:28  Marine  
  125  10:35  Marine  
  125  10:36  Medivac x2  
  125  10:37  Marine x2  
  125  10:38  Marine x2  
  125  10:42  Marauder  
  132  10:47  Marauder  
  134  10:53  Marine  
  134  10:54  Marine  
  134  10:56  Liberator x2  
  134  10:58  Marine x2  
  134  11:01  Widow Mine  
  134  11:02  Widow Mine  
  134  11:03  Marauder  
  124  11:05  Starport  
  124  11:08  Marauder  
  126  11:13  Marauder  
  134  11:19  Marine x3  
  134  11:23  Command Center  
  137  11:29  Marauder, Marine  
  137  11:30  Marauder  
  142  11:34  Marine  
  142  11:38  Marine x2  
  145  11:42  Supply Depot  
  145  11:44  Supply Depot  
  145  11:49  Armory  
  145  11:51  Marauder  
  141  12:01  Widow Mine x2  
  141  12:07  Liberator x3  
  135  12:46  Marine  
  135  12:47  Marauder, Marine  
  135  12:48  Marine x3  
  135  12:49  Marauder  
  135  12:50  Liberator x2  
  133  13:00  Liberator  
  133  13:04  Marine x2  
  115  13:06  Marine x2  
  115  13:07  Marauder  
  115  13:08  Marauder  
  115  13:10  Marine  
  126  13:13  Terran Infantry Weapons Level 2  
  129  13:22  Marine  
  129  13:25  Marine x2  
  125  13:28  Marauder x2  
  125  13:29  Marine  
  125  13:30  Marauder  
  125  13:32  Liberator  
  130  13:40  Marine  
  120  13:43  Marine  
  120  13:45  Marine  
  120  13:47  Marine  
  117  13:49  Marauder x2  
  117  13:51  Marauder  
  117  13:52  Medivac  
  126  13:58  Engineering Bay, Marine  
  126  13:59  Orbital Command  
  126  14:00  Marine, Orbital Command  
  128  14:11  Marauder  
  128  14:16  Marauder x2, Marine x3  
  137  14:18  Marine  
  136  14:32  Marine  
  136  14:34  Marine x2  
  136  14:38  Marauder, Liberator x2  
  138  14:39  Refinery  
  138  14:40  Refinery  
  138  14:43  Marauder, Marine x2  
  133  14:48  SCV  
  134  14:53  Marauder, Marine  
  143  15:00  SCV  
  140  15:07  Marine x2  
  140  15:08  Marauder x2, Marine  
  140  15:11  Liberator  
  140  15:12  SCV  
  148  15:16  Marine x2  
  150  15:25  Marine  
  150  15:29  Marauder  
  150  15:30  Marauder  
  150  15:34  Marine  
  150  15:35  Marauder  
  160  15:44  Marine  
  160  15:45  Marine  
  162  15:51  Marauder  
  164  16:01  Marine x2  
Tags
 
Add a new tag
Caveats
  • Supply blocks, unpowered buildings, or Contaminate may cause inaccurate times.
  • Supply counts are checked every 10 seconds.